 Dungeon Crawl Stone Soup version 0.29-a0-22-gbf593b16ee (webtiles) character file.

Game seed: 15721860157733736402

2311 frimble the Cutter (level 9, -7/61 HPs)
             Began as a Demonspawn Warper on Jan 30, 2022.
             Mangled by a warg (8 damage)
             ... on level 6 of the Dungeon.
             The game lasted 00:16:25 (11953 turns).

frimble the Cutter (Demonspawn Warper)             Turns: 11953, Time: 00:16:25

Health: -7/61      AC: 18    Str: 13    XL:     9   Next: 18%
Magic:  9/12       EV: 14    Int: 16    God:
Gold:   413        SH:  0    Dex: 14    Spells: 7/12 levels left

rFire   + . .      SeeInvis .   i - +1 short sword (protect)
rCold   + . .      Faith    .   (no shield)
rNeg    + . .      Spirit   .   p - +0 robe {rC+ rF+}
rPois   .          Reflect  .   o - +1 helmet
rElec   .          Harm     .   (no cloak)
rCorr   .          Rampage  .   r - +0 pair of gloves
Will    .....                   (no boots)
Stlth   +.........              g - amulet of the acrobat
HPRegen 0.20/turn               q - ring of positive energy
MPRegen 0.13/turn               (no ring)

@: mighty, ice-armoured, under a protective aura
A: repulsion field 1, powered by pain 2, weakness stinger 2
a: no special abilities


You were on level 6 of the Dungeon.
You visited 1 branch of the dungeon, and saw 7 of its levels.

You collected 413 gold pieces.

Inventory:

Hand Weapons
 e - a +0 rapier
 i - a +1 short sword of protection (weapon)
 l - a +0 scimitar
Missiles
 b - 3 boomerangs (quivered)
 d - a curare-tipped dart
Armour
 o - a +1 helmet (worn)
 p - a +0 robe of resistance (worn)
 r - a +0 pair of gloves (worn)
Jewellery
 g - an amulet of the acrobat (around neck)
 q - a ring of positive energy (left hand)
Scrolls
 c - a scroll of identify
 h - a scroll of enchant weapon
 k - a scroll of silence {unknown}
 n - 2 scrolls of fog
Potions
 a - a potion of resistance
 f - a potion of mutation
 j - a potion of brilliance


   Skills:
 - Level 2.0 Fighting
 + Level 7.6 Short Blades
 - Level 0.8 Throwing
 - Level 0.8 Armour
 - Level 2.5 Dodging
 - Level 2.0 Spellcasting
 + Level 6.2 Translocations
 + Level 5.9 Ice Magic


You had 7 spell levels left.
You knew the following spells:

 Your Spells              Type           Power      Damage    Failure   Level
a - Blink                 Tloc           42%        N/A       2%          2
b - Ozocubu's Armour      Ice            20%        N/A       5%          3

Your spell library contained the following spells:

 Spells                   Type           Power      Damage    Failure   Level
 Gell's Gravitas          Tloc           21%        N/A       4%          3
 Lesser Beckoning         Tloc           21%        N/A       4%          3
 Teleport Other           Tloc           21%        N/A       4%          3
 Manifold Assault         Tloc           21%        N/A       41%         5
 Dazzling Flash           Conj/Hex       2%         N/A       52%         3
 Metabolic Englaciation   Hex/Ice        5%         N/A       86%         5
 Conjure Ball Lightning   Conj/Air       0%         3x3d6     100%        6
 Ozocubu's Refrigeration  Ice            10%        4d7       100%        7
 Spellforged Servitor     Conj/Summ      0%         N/A       100%        7
 Discord                  Hex            0%         N/A       100%        8
 Disjunction              Tloc           10%        N/A       100%        8


Dungeon Overview and Level Annotations

Branches:
Dungeon (7/15)             Temple (0/1) D:5

Altars:
Trog
Wu Jian

Annotations:
D:4 Edmund


Innate Abilities, Weirdness & Mutations

You are surrounded by a mild repulsion field. (EV +2)
You sometimes gain power by taking damage.
You have a tail ending in a sharp stinger.


Message History

Throw: 3 boomerangs
Press: ? - help, Q - select action, (/) - cycle Shift-Dir - straight line, f/p - warg
Aim: a warg (51% to hit)
You throw a boomerang. The boomerang barely misses the warg.
Throw: 3 boomerangs
Press: ? - help, Q - select action, (/) - cycle Shift-Dir - straight line, f/p - warg
Aim: a warg (51% to hit)
You throw a boomerang. The boomerang hits the warg.
The warg is lightly wounded.
The warg barely misses you.
You hit the warg.
Your weapon exudes an aura of protection.
Your tail-slap misses the warg.
The warg is moderately wounded.
The warg closely misses you.
You hit the warg.
Your tail-slap misses the warg.
The warg is moderately wounded.
The warg bites you!
* * * LOW HITPOINT WARNING * * *
You focus on the pain.
You feel very mighty all of a sudden.
You closely miss the warg.
The warg is moderately wounded.
The warg bites you!
* * * LOW HITPOINT WARNING * * *
You puncture the warg!
The warg is severely wounded.
The warg closely misses you.
Okay, then.
Okay, then.
Unknown command.
Casting: Ozocubu's Armour (dangerous; 5% risk of failure)
Confirm with . or Enter, or press ? or * to list all spells.
Your icy armour will break if you move.
Continue?
Okay, then.
Unknown command.
You miss the warg.
The warg is severely wounded.
The warg bites you!
You die...

################## ###
#.†..............P
##.#####@h...............
#....#.#....≈≈≈≈≈≈≈≈≈≈≈h≈
#......#....≈≈≈≈≈≈≈≈≈≈≈≈≈
#......#....≈≈#####≈≈≈h≈≈
###..#..#....≈≈#.o.#.h....
#.......#...P≈≈#...#######
##....#..#..(.≈≈###'#
#....##..#....≈≈≈.#.#
##..###..#.P..≈≈≈.#


You could see a warg.

Vanquished Creatures
  Eustachio (D:5)
  A warg (D:6)
  A water moccasin (D:5)
  An ice beast (D:5)
  An orc warrior (D:5)
  4 ogres
  A kobold brigand (D:6)
  Blork the orc (D:5)
  A wyvern skeleton (D:5)
  4 howler monkeys
  A centaur zombie (D:6)
  A bullfrog zombie (D:6)
  11 hounds
  3 orc priests (D:6)
  2 gnoll shamans
  A bullfrog skeleton (D:6)
  Ijyb (D:5)
  2 iguanas
  6 orc wizards
  Robin (D:2)
  6 gnolls
  8 adders
  A shadow imp (D:5)
  A white imp (D:6)
  An adder skeleton (D:4)
  4 worms (D:2)
  6 dart slugs
  18 orcs
  7 ball pythons
  5 bats
  5 endoplasms
  A giant cockroach (D:3)
  20 goblins
  5 hobgoblins
  2 jackals (D:4)
  8 kobolds
  7 quokkas
  4 frilled lizards
  4 rats
158 creatures vanquished.

Vanquished Creatures (others)
  7 plants
7 creatures vanquished.

Grand Total: 165 creatures vanquished

Notes
Turn   | Place    | Note
-------+----------+-------------------------------------------
     0 | D:1      | frimble the Demonspawn Warper began the quest for the Orb.
     0 | D:1      | Reached XP level 1. HP: 16/16 MP: 3/3
   105 | D:1      | Reached skill level 2 in Short Blades
   381 | D:1      | Gained mutation: You are surrounded by a mild repulsion
                  | field. (EV +2) [demonic ancestry]
   381 | D:1      | Reached XP level 2. HP: 8/22 MP: 5/5
   959 | D:1      | Reached skill level 3 in Short Blades
  1289 | D:2      | Gained mutation: You sometimes gain a little power by
                  | taking damage. [demonic ancestry]
  1289 | D:2      | Reached XP level 3. HP: 19/27 MP: 6/6
  1292 | D:2      | Learned a level 2 spell: Blink
  1966 | D:2      | Noticed Robin
  3030 | D:3      | Reached skill level 4 in Short Blades
  3030 | D:3      | Reached XP level 4. HP: 2/33 MP: 7/7
  3030 | D:3      | HP: 1/33 [poisoned by an adder]
  4087 | D:2      | Found an ornate altar of the Wu Jian Council.
  4173 | D:2      | Killed Robin
  4546 | D:2      | Reached XP level 5. HP: 38/38 MP: 8/8
  4567 | D:2      | Reached skill level 1 in Ice Magic
  4853 | D:2      | Found a faded altar of an unknown god.
  5194 | D:4      | Noticed an ogre
  5478 | D:4      | Learned a level 3 spell: Ozocubu's Armour
  5520 | D:4      | Killed an ogre
  5521 | D:4      | Reached skill level 5 in Short Blades
  5848 | D:4      | Gained mutation: You have a small tail. [demonic ancestry]
  5848 | D:4      | Reached XP level 6. HP: 43/44 MP: 6/9
  7177 | D:4      | Noticed Edmund
  7199 | D:5      | Entered Level 5 of the Dungeon
  7211 | D:5      | Identified the +2 trident of Corruption {freeze, Dex+5}
  7458 | D:5      | Found a staircase to the Ecumenical Temple.
  7480 | D:5      | Reached XP level 7. HP: 23/50 MP: 10/10
  8073 | D:5      | Found a bloodstained altar of Trog.
  8090 | D:5      | Noticed Eustachio
  8544 | D:5      | Noticed Ijyb
  8553 | D:5      | Noticed Blork the orc
  8562 | D:5      | Killed Ijyb
  8862 | D:6      | Reached skill level 6 in Short Blades
  9023 | D:5      | Gained mutation: You have a tail ending in a sharp stinger.
                  | [demonic ancestry]
  9023 | D:5      | Reached XP level 8. HP: 47/56 MP: 4/11
  9447 | D:5      | Reached skill level 5 in Translocations
  9657 | D:5      | Killed Blork the orc
  9976 | D:5      | Got Ricoec's Collected Works on Enchanting Creation
 10238 | D:5      | Killed Eustachio
 10239 | D:5      | Reached skill level 5 in Ice Magic
 10439 | D:6      | Reached skill level 7 in Short Blades
 10902 | D:7      | HP: 1/56 [orc priest/divine providence (8)]
 11838 | D:6      | Gained mutation: You sometimes gain power by taking damage.
                  | [demonic ancestry]
 11838 | D:6      | Reached XP level 9. HP: 61/61 MP: 8/12
 11951 | D:6      | HP: 1/61 [warg (10)]
 11953 | D:6      | Mangled by a warg

Illustrated notes

Levels and vault maps discovered:
D:1:      eino_arrival_tree_alley, layout_loops_ring,
          wander_ebering_terrifying_dragon_lair
D:2:      layout_basic, shapermc_ecumenical_altar_pompeii, basic_altar,
          minmay_pentomino_w4, uniq_robin
D:3:      layout_loops_corners, minmay_bisected
D:4:      layout_cave_pods, sigmund_edmund_badplayer
D:5:      layout_basic, nicolae_overflow_crystal_walls,
          minmay_temple_entry_overgrown, uniq_blork_the_orc, uniq_eustachio,
          uniq_ijyb
D:6:      lemuel_castle_with_subvaults [lemuel_castle_interior_carwin_1],
          layout_cave_pools, minmay_holes, uniq_sigmund
D:7:      layout_cave_pools, serial_glass, glass_columns_a, glass_columns_a,
          glass_columns_a, hangedman_decor_peaks_small

Skill      XL: |  1  2  3  4  5  6  7  8  9 |
---------------+----------------------------+-----
Short Blades   | 2 3 4 5 6 7 |  7.6
Ice Magic      | 1 2 4 5 |  5.9
Dodging        | 2 |  2.5
Translocations | 3 4 5 6 |  6.2
Fighting       | |  2.0
Throwing       | |  0.8
Armour         | |  0.8
Spellcasting   | |  2.0

Action                   |  1- 3 |  4- 6 |  7- 9 || total
-------------------------+-------+-------+-------++-------
Melee: Short sword       |   109 |   373 |   595 ||  1077
       Punch             |     3 |     3 |    12 ||    18
       Rapier            |   119 |    41 |       ||   160
       Tailslap          |       |    17 |    90 ||   107
Throw: Boomerang         |     5 |     9 |    17 ||    31
       Throwing net      |       |       |     1 ||     1
 Cast: Blink             |     1 |     7 |    10 ||    18
       Ozocubu's Armour  |       |     3 |    19 ||    22
  Use: Scroll            |     4 |     1 |    10 ||    15
       Potion            |     2 |     1 |     4 ||     7
 Stab: Sleeping          |       |     1 |       ||     1
       Invisible         |       |     1 |       ||     1
       Held in net/web   |       |       |     2 ||     2
Armor: Leather armour    |     7 |       |       ||     7
       Ring mail         |    56 |    62 |       ||   118
       Animal skin       |       |    65 |    88 ||   153
       Robe              |       |       |   152 ||   152
Dodge: Dodged            |   166 |   253 |   504 ||   923

Table legend: (Time is in decaauts)
 A = Elapsed time spent in this place.
 B = Non-inter-level travel time spent in this place.
 C = Inter-level travel time spent in this place.
 D = Time resting spent in this place.
 E = Time spent auto-exploring this place.
 F = Levels seen in this place.
 G = Mean time per level.
                   A        B        C        D        E       F      G
               +--------+--------+--------+--------+--------+-----+--------+
         Total |  11781 |  11555 |    226 |   1535 |   7907 |   7 | 1683.0 |
       Dungeon |  11781 |  11555 |    226 |   1535 |   7907 |   7 | 1683.0 |
               +--------+--------+--------+--------+--------+-----+--------+

Top non-repeatable levels by time:
     D:3: 2851 daAuts
     D:5: 2754 daAuts
     D:4: 2217 daAuts
     D:6: 1377 daAuts
     D:2: 1258 daAuts
     D:1: 1242 daAuts
     D:7: 78 daAuts
